 Dungeon Crawl Stone Soup version 0.25.1-2-g60ff931df9 (webtiles) character file.

Game seed: 7618639781728464466

20 raphialitos the Vexing (level 2, 0/16 HPs)
             Began as a Deep Elf Arcane Marksman on Nov 9, 2020.
             Slain by an ooze (3 damage)
             ... on level 1 of the Dungeon.
             The game lasted 00:01:39 (688 turns).

raphialitos the Vexing (Deep Elf Arcane Marksman)    Turns: 688, Time: 00:01:40

Health: 0/16       AC:  2    Str:  7    XL:     2   Next: 58%
Magic:  3/6        EV: 13    Int: 17    God:
Gold:   19         SH:  0    Dex: 15    Spells: 1/4 levels left

rFire    . . .     SeeInvis .   j - -3 hand axe (curse)
rCold    . . .     Gourm    .   (no shield)
rNeg     . . .     Faith    .   e - +0 robe
rPois    .         Spirit   .   (no helmet)
rElec    .         Reflect  .   (no cloak)
rCorr    .         Harm     .   (no gloves)
MR       .....                  (no boots)
Stlth    +.........             (no amulet)
HPRegen  0.05/turn              (no ring)
MPRegen  0.10/turn              (no ring)

@: no status effects
A: no striking features
a: no special abilities


You were on level 1 of the Dungeon.
You were not hungry.

You visited 1 branch of the dungeon, and saw 1 of its levels.

You collected 19 gold pieces.

Inventory:

Hand Weapons
 a - a +0 shortbow
 j - a cursed -3 hand axe (weapon)
Missiles
 d - 14 arrows
Armour
 e - a +0 robe (worn)
Jewellery
 g - a +6 ring of dexterity {unknown}
Potions
 c - 2 potions of might {unknown}
 i - a potion of curing {unknown}
Comestibles
 b - 3 chunks of flesh
 f - a ration


   Skills:
 + Level 0.7 Fighting
 + Level 2.6 Bows
 + Level 2.7 Dodging
 + Level 1.7 Spellcasting
 + Level 4.7 Hexes


You had one spell level left.
You knew the following spells:

 Your Spells              Type           Power        Failure   Level  Hunger
a - Corona                Hex            ###....      2%          1    ##.....
b - Slow                  Hex            ###.....     4%          2    ###....

Your spell library contained the following spells:

 Spells                   Type           Power        Failure   Level  Hunger
 Inner Flame              Hex/Fire       #.......     22%         3    ####...
 Portal Projectile        Hex/Tloc       #.....       22%         3    ####...
 Cause Fear               Hex            ###.......   28%         4    #####..
 Leda's Liquefaction      Hex/Erth       #.........   58%         4    #####..


Dungeon Overview and Level Annotations

Branches:
Dungeon (1/15)

Altars:


Message History

The ooze misses you.
Casting: Corona (safe; 2% risk of failure)
Confirm with . or Enter, or press ? or * to list all spells.
Aiming: Corona (safe; 2% risk of failure)
Press: ? - help, Shift-Dir - straight line, f - ooze
Aim: an ooze (heavily wounded, chance to defeat MR: 54%)
The ooze struggles to resist.
The ooze barely misses you.
Casting: Corona (safe; 2% risk of failure)
Confirm with . or Enter, or press ? or * to list all spells.
Aiming: Corona (safe; 2% risk of failure)
Press: ? - help, Shift-Dir - straight line, f/p - ooze
Aim: an ooze (heavily wounded, chance to defeat MR: 54%)
The ooze struggles to resist.
The ooze completely misses you.
Casting: Corona (safe; 2% risk of failure)
Confirm with . or Enter, or press ? or * to list all spells.
Aiming: Corona (safe; 2% risk of failure)
Press: ? - help, Shift-Dir - straight line, f/p - ooze
Aim: an ooze (heavily wounded, chance to defeat MR: 54%)
The ooze is outlined in light.
The ooze hits you.
You die...

,,,...#.# #.#.#.#*,,,,,,,,,,*
,,,..)#.# #.#.#.#*******###***
,,,,,>#.# #.#.#.# #..,,*
,,,,,,#.#*#.#.#.# #.#,**
,,,,,*#..,..#.#.# #.#,,*
,,,,,*#######.#.######*##.###*
,,,,,,.................,....*
,,,,,*#######..##########.#,*
,,,,,* #.......@J........#,*
,,,,,* #.##............#.#,*
****** *,#..#.#....#####.#,*
*,#..#.#.##....[..#,**
*,#..#.#.########..,,*
*,####.#.# #.#,** *,* #.#.#
#.#,* *,* #.#.# #.#,* ****,*
#.#.#*******,*,*


You could see an ooze (corona).

Vanquished Creatures
  2 bats (D:1)
  A goblin (D:1)
  6 hobgoblins (D:1)
  3 jackals (D:1)
  A kobold (D:1)
  A ball python (D:1)
  A frilled lizard (D:1)
  2 rats (D:1)
17 creatures vanquished.

Notes
Turn   | Place    | Note
-------+----------+-------------------------------------------
     0 | D:1      | raphialitos the Deep Elf Arcane Marksman began the quest
                  | for the Orb.
     0 | D:1      | Reached XP level 1. HP: 11/11 MP: 5/5
   220 | D:1      | Reached XP level 2. HP: 16/16 MP: 2/6
   224 | D:1      | Learned a level 2 spell: Slow
   688 | D:1      | Slain by an ooze

Illustrated notes

Levels and vault maps discovered:
D:1:      dpeg_arrival_ratfight, layout_basic

Action                   || total
-------------------------++-------
Melee: Hand axe          ||     7
 Fire: Shortbow          ||    37
 Cast: Corona            ||    19
  Use: Scroll            ||     1
Armor: Robe              ||     1
Dodge: Dodged            ||    14
